| TOP OF THE 1ST |
|
Charlotte Hornets batting - Pitching for Montgomery Rebels : RHP Ricardo Posada
|
|
Pitching: RHP Ricardo Posada
|
|
|
Batting: RHB Charles Stafford
|
0-0: Foul Ball, location: 2F 0-1: Reached on error, E4 (Groundball, 13, EV 85.0 MPH)
|
|
Batting: RHB Juan Bonilla
|
0-0: Fly out, F7 (Line Drive, 7, EV 106.3 MPH)
|
|
Batting: RHB Ron Johnson
|
0-0: Ball 1-0: Swinging Strike 1-1: Ball 2-1: Fly out, F8 (Flyball, 8LXD, EV 78.8 MPH)
|
|
Batting: RHB Alvaro Espinoza
|
0-0: Called Strike Charles Stafford steals 2nd base 0-1: Foul Ball, location: 2F 0-2: Ground out 5-3 (Groundball, 56S, EV 76.9 MPH)
|
| Top of the 1st over - 0 runs, 0 hits, 1 error, 1 left on base; Charlotte 0 - Montgomery 0 |
| BOTTOM OF THE 1ST |
|
Montgomery Rebels batting - Pitching for Charlotte Hornets : LHP Ken Dayley
|
|
Pitching: LHP Ken Dayley
|
|
|
Batting: LHB Chris Stropolo
|
0-0: Called Strike 0-1: Foul Ball, location: 2F 0-2: Strikes out swinging
|
|
Batting: LHB Dwayne Murphy
|
0-0: Ground out 6-3 (Groundball, 6D, EV 111.3 MPH)
|
|
Batting: LHB Greg Brock
|
0-0: Ball 1-0: Fly out, F7 (Flyball, 7LS, EV 96.9 MPH)
|
| Bottom of the 1st over - 0 runs, 0 hits, 0 errors, 0 left on base; Charlotte 0 - Montgomery 0 |
| TOP OF THE 2ND |
|
Charlotte Hornets batting - Pitching for Montgomery Rebels : RHP Ricardo Posada
|
|
Batting: LHB Steve Macko
|
0-0: Called Strike 0-1: Ball 1-1: SINGLE (Groundball, 4D, EV 108.1 MPH)
|
|
Batting: LHB Jesus Diaz
|
0-0: Called Strike 0-1: Called Strike 0-2: Foul Ball, location: 2F 0-2: Ball 1-2: Fly out, F9 (Line Drive, 9, EV 98.1 MPH)
|
|
Batting: SHB Jose Mota
|
0-0: Ball Wild Pitch! Steve Macko to second 1-0: Swinging Strike 1-1: Called Strike 1-2: Ball 2-2: Foul Ball, location: 2F 2-2: SINGLE (Groundball, 56S, EV 67.5 MPH) (infield hit) Steve Macko to third
|
|
Batting: RHB John O'Rear
|
0-0: Grounds into double play, 4-6-3 (Groundball, 34, EV 99.4 MPH)
|
| Top of the 2nd over - 0 runs, 2 hits, 0 errors, 1 left on base; Charlotte 0 - Montgomery 0 |
| BOTTOM OF THE 2ND |
|
Montgomery Rebels batting - Pitching for Charlotte Hornets : LHP Ken Dayley
|
|
Batting: RHB John Guarino
|
0-0: Ball 1-0: Ball 2-0: Ball 3-0: Called Strike 3-1: Called Strike 3-2: Ground out 4-3 (Groundball, 4M, EV 85.0 MPH)
|
|
Batting: RHB Roberto Palacios
|
0-0: Foul Ball, location: 2F 0-1: Foul Ball, location: 2F 0-2: SOLO HOME RUN (Flyball, 9D, EV 93.8 MPH), Distance : 393 ft
|
|
Batting: SHB Arthur Fischetti
|
0-0: Ball 1-0: Swinging Strike 1-1: Swinging Strike 1-2: Ball 2-2: SOLO HOME RUN (Flyball, 78XD, EV 97.5 MPH), Distance : 398 ft
|
|
Batting: RHB Jeff Schumaker
|
0-0: Ball 1-0: Ground out 4-3 (Groundball, 4, EV 96.9 MPH)
|
|
Batting: SHB Mike Thorpe
|
0-0: Called Strike 0-1: SINGLE (Groundball, 34D, EV 98.8 MPH)
|
|
Batting: LHB Michael Shinn
|
0-0: Ball 1-0: Called Strike 1-1: Foul Ball, location: 2F 1-2: Strikes out looking
|
| Bottom of the 2nd over - 2 runs, 3 hits, 0 errors, 1 left on base; Charlotte 0 - Montgomery 2 |
| TOP OF THE 3RD |
|
Charlotte Hornets batting - Pitching for Montgomery Rebels : RHP Ricardo Posada
|
|
Batting: RHB Reggie Baldwin
|
0-0: Ball 1-0: Ball 2-0: Swinging Strike 2-1: Fly out, F9 (Flyball, 89XD, EV 83.8 MPH)
|
|
Batting: RHB Charles Stafford
|
0-0: Called Strike 0-1: Ground out 3-1 (Groundball, 34, EV 103.1 MPH)
|
|
Batting: RHB Juan Bonilla
|
0-0: Called Strike 0-1: Ball 1-1: Foul Ball, location: 2F 1-2: Ground out 4-3 (Groundball, 4, EV 88.8 MPH)
|
| Top of the 3rd over - 0 runs, 0 hits, 0 errors, 0 left on base; Charlotte 0 - Montgomery 2 |
| BOTTOM OF THE 3RD |
|
Montgomery Rebels batting - Pitching for Charlotte Hornets : LHP Ken Dayley
|
|
Batting: LHB Chris Stropolo
|
0-0: Ball 1-0: Called Strike 1-1: Ball 2-1: Foul Ball, location: 2F 2-2: Ground out 4-3 (Groundball, 4, EV 83.8 MPH)
|
|
Batting: LHB Dwayne Murphy
|
0-0: Called Strike 0-1: Swinging Strike 0-2: Ball 1-2: Foul Ball, location: 2F 1-2: Ball 2-2: Strikes out swinging
|
|
Batting: LHB Greg Brock
|
0-0: Called Strike 0-1: Ball 1-1: Ball 2-1: Foul Ball, location: 2F 2-2: Ball 3-2: Strikes out swinging
|
| Bottom of the 3rd over - 0 runs, 0 hits, 0 errors, 0 left on base; Charlotte 0 - Montgomery 2 |
| TOP OF THE 4TH |
|
Charlotte Hornets batting - Pitching for Montgomery Rebels : RHP Ricardo Posada
|
|
Batting: RHB Ron Johnson
|
0-0: Called Strike 0-1: Swinging Strike 0-2: Ball 1-2: Foul Ball, location: 2F 1-2: Ground out 6-3 (Groundball, 6, EV 78.1 MPH)
|
|
Batting: RHB Alvaro Espinoza
|
0-0: Called Strike 0-1: Called Strike 0-2: Fly out, F8 (Line Drive, 8LD, EV 102.5 MPH)
|
|
Batting: LHB Steve Macko
|
0-0: Foul Ball, location: 2F 0-1: Ball 1-1: Swinging Strike 1-2: Ball 2-2: Foul Ball, location: 2F 2-2: Foul Ball, location: 2F 2-2: Foul Ball, location: 2F 2-2: Ball 3-2: Strikes out looking
|
| Top of the 4th over - 0 runs, 0 hits, 0 errors, 0 left on base; Charlotte 0 - Montgomery 2 |
| BOTTOM OF THE 4TH |
|
Montgomery Rebels batting - Pitching for Charlotte Hornets : LHP Ken Dayley
|
|
Batting: RHB John Guarino
|
0-0: Ball 1-0: Called Strike 1-1: Ball 2-1: Ball 3-1: Fly out, F8 (Line Drive, 8LM, EV 91.9 MPH)
|
|
Batting: RHB Roberto Palacios
|
0-0: Fly out, F7 (Line Drive, 7D, EV 92.5 MPH)
|
|
Batting: SHB Arthur Fischetti
|
0-0: Ball 1-0: Ball 2-0: Called Strike 2-1: Foul Ball, location: 2F 2-2: Foul Ball, location: 2F 2-2: Ball 3-2: Base on Balls
|
|
Batting: RHB Jeff Schumaker
|
0-0: Ball 1-0: Ball 2-0: Foul Ball, location: 2F 2-1: Ground out 6-3 (Groundball, 56, EV 99.4 MPH)
|
| Bottom of the 4th over - 0 runs, 0 hits, 0 errors, 1 left on base; Charlotte 0 - Montgomery 2 |
| TOP OF THE 5TH |
|
Charlotte Hornets batting - Pitching for Montgomery Rebels : RHP Ricardo Posada
|
|
Batting: LHB Jesus Diaz
|
0-0: Called Strike 0-1: Ball 1-1: Ball 2-1: Ball 3-1: SINGLE (Line Drive, 4D, EV 95.6 MPH)
|
|
Batting: SHB Jose Mota
|
0-0: Ball 1-0: Ball 2-0: Foul Ball, location: 2F Pickoff Throw to First - Out! 1-3 2-1: Foul Ball, location: 2F 2-2: Foul Ball, location: 2F 2-2: Strikes out swinging
|
|
Batting: RHB John O'Rear
|
0-0: Ball 1-0: Ball 2-0: Ground out 1-3 (Groundball, 34S, EV 68.1 MPH)
|
| Top of the 5th over - 0 runs, 1 hit, 0 errors, 0 left on base; Charlotte 0 - Montgomery 2 |
| BOTTOM OF THE 5TH |
|
Montgomery Rebels batting - Pitching for Charlotte Hornets : LHP Ken Dayley
|
|
Batting: SHB Mike Thorpe
|
0-0: Ball 1-0: Ground out 5-3 (Groundball, 56S, EV 71.9 MPH)
|
|
Batting: LHB Michael Shinn
|
0-0: Called Strike 0-1: Ball 1-1: Ball 2-1: Called Strike 2-2: Ball 3-2: Strikes out swinging
|
|
Batting: LHB Chris Stropolo
|
0-0: Ball 1-0: Ball 2-0: Swinging Strike 2-1: Foul Ball, location: 2F 2-2: Foul Ball, location: 2F 2-2: Foul Ball, location: 2F 2-2: Ball 3-2: Base on Balls
|
|
Batting: LHB Dwayne Murphy
|
0-0: Ball Chris Stropolo steals 2nd base 1-0: Ball 2-0: Fly out, F7 (Flyball, 78S, EV 86.3 MPH)
|
| Bottom of the 5th over - 0 runs, 0 hits, 0 errors, 1 left on base; Charlotte 0 - Montgomery 2 |
| TOP OF THE 6TH |
|
Charlotte Hornets batting - Pitching for Montgomery Rebels : RHP Ricardo Posada
|
|
Batting: RHB Reggie Baldwin
|
0-0: Ground out 6-3 (Groundball, 6, EV 98.1 MPH)
|
|
Batting: RHB Charles Stafford
|
0-0: Ball 1-0: Called Strike 1-1: Foul Ball, location: 2F 1-2: Ball 2-2: SINGLE (Line Drive, 56D, EV 99.4 MPH)
|
|
Batting: RHB Juan Bonilla
|
0-0: Grounds into double play, 4-6-3 (Groundball, 4, EV 88.1 MPH)
|
| Top of the 6th over - 0 runs, 1 hit, 0 errors, 0 left on base; Charlotte 0 - Montgomery 2 |
| BOTTOM OF THE 6TH |
|
Montgomery Rebels batting - Pitching for Charlotte Hornets : LHP Ken Dayley
|
|
Batting: LHB Greg Brock
|
0-0: Reached on error, E4 (Groundball, 4, EV 89.4 MPH)
|
|
Batting: RHB John Guarino
|
0-0: Foul Ball, location: 2F 0-1: Ball 1-1: Called Strike 1-2: Ball 2-2: Ball Wild Pitch! Greg Brock to second 3-2: Intentional Walk
|
|
Batting: RHB Roberto Palacios
|
0-0: Ball 1-0: Foul Ball, location: 2F 1-1: Called Strike 1-2: Foul Ball, location: 2F 1-2: Ball 2-2: 3-RUN HOME RUN (Flyball, 78XD, EV 100.0 MPH), Distance : 412 ft
|
|
Pitching: RHP Roger Begue
|
|
|
Batting: SHB Arthur Fischetti
|
0-0: Ball 1-0: Ground out U3 (Groundball, 3, EV 83.1 MPH)
|
|
Batting: RHB Jeff Schumaker
|
0-0: Called Strike 0-1: Ball 1-1: Ball 2-1: Ball 3-1: Foul Ball, location: 2F 3-2: Foul Ball, location: 2F 3-2: Strikes out swinging
|
|
Batting: SHB Mike Thorpe
|
0-0: Ball 1-0: Ground out 6-3 (Groundball, 6, EV 91.9 MPH)
|
| Bottom of the 6th over - 3 runs, 1 hit, 1 error, 0 left on base; Charlotte 0 - Montgomery 5 |
| TOP OF THE 7TH |
|
Charlotte Hornets batting - Pitching for Montgomery Rebels : RHP Ricardo Posada
|
|
Batting: RHB Ron Johnson
|
0-0: Ground out 6-3 (Groundball, 56, EV 99.4 MPH)
|
|
Batting: RHB Alvaro Espinoza
|
0-0: Ball 1-0: Ball 2-0: Called Strike 2-1: Foul Ball, location: 2F 2-2: Ball 3-2: SINGLE (Line Drive, 7S, EV 102.5 MPH)
|
|
Batting: LHB Steve Macko
|
0-0: Called Strike 0-1: Called Strike 0-2: Fly out, F9 (Flyball, 9, EV 85.0 MPH)
|
|
Batting: LHB Jesus Diaz
|
0-0: Called Strike 0-1: SINGLE (Groundball, 4MD, EV 102.5 MPH) Alvaro Espinoza to second Runner from 2nd tries for 3rd, SAFE, throw by CF made to third
|
|
Batting: SHB Jose Mota
|
0-0: SINGLE (Flyball, 4MD, EV 83.8 MPH) Alvaro Espinoza scores Jesus Diaz to second Runner from 2nd tries for 3rd, SAFE, no throw by CF
|
|
Batting: RHB John O'Rear
|
0-0: Called Strike 0-1: Fly out, F8 (Line Drive, 8LM, EV 93.8 MPH)
|
| Top of the 7th over - 1 run, 3 hits, 0 errors, 2 left on base; Charlotte 1 - Montgomery 5 |
| BOTTOM OF THE 7TH |
|
Montgomery Rebels batting - Pitching for Charlotte Hornets : RHP Roger Begue
|
|
Batting: LHB Michael Shinn
|
0-0: Swinging Strike 0-1: Ball 1-1: Ball 2-1: Foul Ball, location: 2F 2-2: Foul Ball, location: 2F 2-2: Ball 3-2: SINGLE (Flyball, 3D, EV 98.8 MPH)
|
|
Batting: LHB Chris Stropolo
|
0-0: Ball 1-0: Ball 2-0: Ball 3-0: Swinging Strike 3-1: Base on Balls Michael Shinn to second
|
|
Pitching: RHP Mark Saunders
|
|
|
Batting: LHB Dwayne Murphy
|
0-0: Foul Ball, location: 2F 0-1: Ball 1-1: Fielders Choice at 2nd, 4-6 (Groundball, 4, EV 86.3 MPH) Michael Shinn to third
|
|
Batting: LHB Greg Brock
|
0-0: Ball 1-0: Ball 2-0: Foul Ball, location: 2F 2-1: Ball 3-1: SINGLE (Flyball, 89M, EV 93.8 MPH) Michael Shinn scores Dwayne Murphy to second Runner from 2nd tries for 3rd, SAFE, throw by RF made to third
|
|
Batting: RHB John Guarino
|
0-0: Ball 1-0: Ball 2-0: Ball 3-0: Base on Balls Greg Brock to second
|
|
Batting: RHB Roberto Palacios
|
0-0: Ball 1-0: Called Strike 1-1: Ball 2-1: Ball 3-1: Called Strike 3-2: Base on Balls Dwayne Murphy scores Greg Brock to third John Guarino to second
|
|
Batting: SHB Arthur Fischetti
|
0-0: Ball 1-0: SINGLE (Groundball, 4MD, EV 95.0 MPH) Greg Brock scores John Guarino to third Roberto Palacios to second Runner from 3rd tries for Home, SAFE, throw by CF to home
|
|
Pinch Hitting: RHB Paul O'Neill
|
0-0: Fly out, F4 (Popup, 4D, EV 57.5 MPH)
|
|
Batting: SHB Mike Thorpe
|
0-0: Ball 1-0: Foul Ball, location: 2F 1-1: Fielders Choice at 2nd, 5-4 (Groundball, 5, EV 102.5 MPH)
|
| Bottom of the 7th over - 4 runs, 3 hits, 0 errors, 2 left on base; Charlotte 1 - Montgomery 9 |
| TOP OF THE 8TH |
|
Charlotte Hornets batting - Pitching for Montgomery Rebels : RHP Ricardo Posada
|
|
Now at 2B: Paul O'Neill
|
|
|
Batting: RHB Reggie Baldwin
|
0-0: Ball 1-0: Called Strike 1-1: Swinging Strike 1-2: Foul Ball, location: 2F 1-2: Ball 2-2: Ground out 6-3 (Groundball, 6, EV 108.1 MPH)
|
|
Batting: RHB Charles Stafford
|
0-0: Called Strike 0-1: Ball 1-1: Ball 2-1: Ball 3-1: Called Strike 3-2: Foul Ball, location: 2F 3-2: Ground out 6-3 (Groundball, 6M, EV 75.6 MPH)
|
|
Batting: RHB Juan Bonilla
|
0-0: Ball 1-0: Called Strike 1-1: Foul Ball, location: 2F 1-2: Ground out 4-3 (Groundball, 4, EV 86.3 MPH)
|
| Top of the 8th over - 0 runs, 0 hits, 0 errors, 0 left on base; Charlotte 1 - Montgomery 9 |
| BOTTOM OF THE 8TH |
|
Montgomery Rebels batting - Pitching for Charlotte Hornets : RHP Mark Saunders
|
|
Batting: LHB Michael Shinn
|
0-0: Called Strike 0-1: SINGLE (Line Drive, 7S, EV 85.6 MPH)
|
|
Pinch Hitting: LHB Dustin Hipp
|
0-0: Ball 1-0: Foul Ball, location: 2F 1-1: Foul Ball, location: 2F 1-2: Fly out, F5 (Line Drive, 5, EV 75.6 MPH)
|
|
Batting: LHB Dwayne Murphy
|
0-0: Ball 1-0: Fly out, F8 (Flyball, 8RD, EV 106.9 MPH)
|
|
Batting: LHB Greg Brock
|
0-0: Called Strike 0-1: Ball 1-1: Ball 2-1: Fielders Choice at 2nd, U4 (Groundball, 4M, EV 96.3 MPH)
|
| Bottom of the 8th over - 0 runs, 1 hit, 0 errors, 1 left on base; Charlotte 1 - Montgomery 9 |
| TOP OF THE 9TH |
|
Charlotte Hornets batting - Pitching for Montgomery Rebels : RHP Ricardo Posada
|
|
Now in CF: Dave Hudgens
|
|
|
Batting: RHB Ron Johnson
|
0-0: Ball 1-0: Ball 2-0: Called Strike 2-1: Foul Ball, location: 2F 2-2: SINGLE (Groundball, 6MD, EV 101.3 MPH)
|
|
Pinch Hitting: RHB Mickey Klutts
|
0-0: Ball 1-0: Fly out, F9 (Flyball, 89M, EV 81.3 MPH)
|
|
Batting: LHB Steve Macko
|
0-0: Fielders Choice at 2nd, 3-6 (Groundball, 34, EV 83.8 MPH)
|
|
Batting: LHB Jesus Diaz
|
0-0: Swinging Strike 0-1: Fly out, F9 (Flyball, 89S, EV 81.9 MPH)
|
| Top of the 9th over - 0 runs, 1 hit, 0 errors, 1 left on base; Charlotte 1 - Montgomery 9 |
|